 Seeded DCSS version 0.29.1-15-g9cfb28693d (webtiles) character file.

Game seed: 16245865983455551772 (custom seed)

4 Psyclone the Firebug (level 1, 10/10 HPs)
             Began as a Deep Elf Fire Elementalist on Sept 24, 2023.
             Quit the game on level 1 of the Dungeon.
             The game lasted 00:01:10 (120 turns).

Psyclone the Firebug (Deep Elf Fire Elementalist)    Turns: 120, Time: 00:01:11

Health: 10/10      AC:  5    Str:  7    XL:     1   Next: 50%
Magic:  6/6        EV: 12    Int: 25    God:
Gold:   0          SH:  0    Dex: 15    Spells: 5/6 levels left

rFire   . . .      SeeInvis .   c - +0 dagger
rCold   . . .      Faith    .   (no shield)
rNeg    . . .      Spirit   .   a - +0 robe
rPois   .          Reflect  .   e - +3 hat "Xeidezoa" {rElec Str+2 Int+6}
rElec   +          Harm     .   (no cloak)
rCorr   .          Rampage  .   (no gloves)
Will    .....                   (no boots)
Stlth   ++........              (no amulet)
HPRegen 0.03/turn               (no ring)
MPRegen 0.10/turn               (no ring)

@: no status effects
A: no striking features
a: no special abilities


You were on level 1 of the Dungeon.
You visited 1 branch of the dungeon, and saw 1 of its levels.

Inventory:

Hand Weapons
 c - a +0 dagger (weapon)
Armour
 a - a +0 robe (worn)
 e - the +3 hat "Xeidezoa" (worn) {rElec Str+2 Int+6}
   (You acquired it on level 1 of the Dungeon)

   Str:       It affects your strength (+2).
   Int:       It affects your intelligence (+6).
   rElec:     It insulates you from electricity.
Potions
 b - a potion of magic


   Skills:
 - Level 2.4 Dodging
 - Level 2.4 Stealth
 - Level 3.0 Spellcasting
 - Level 1.1 Conjurations
 + Level 3.6 Fire Magic


You had 5 spell levels left.
You knew the following spells:

 Your Spells              Type           Power      Damage    Failure   Level
a - Foxfire               Conj/Fire      60%        2x1d7     3%          1

Your spell library contained the following spells:

 Spells                   Type           Power      Damage    Failure   Level
 Scorch                   Fire           42%        2d7       3%          2
 Conjure Flame            Conj/Fire      15%        6-21      12%         3
 Inner Flame              Hex/Fire       12%        N/A       14%         3
 Flame Wave               Conj/Fire      15%        2d7       36%         4


Dungeon Overview and Level Annotations

Branches:
Dungeon (1/15) Zot: 5880

Altars:


Message History

Your magical contamination has completely faded away.
You now have 1/6 mp.
You start resting.
Your foxfire dissipates!
Things that are here:
a +0 dagger; a goblin corpse
Found 6 stones.
Found 3 scrolls labelled WAC GOIFOFITOUPLEC.
An endoplasm comes into view.
The endoplasm quivers.
You see here 3 scrolls labelled WAC GOIFOFITOUPLEC.
Casting: Foxfire (safe; 6% risk of failure)
Confirm with . or Enter, or press ? or * to list all spells.
You conjure some foxfire!
The foxfire hits the endoplasm.
The endoplasm is heavily wounded.
You now have 3/6 mp.
Casting: Foxfire (safe; 6% risk of failure)
Confirm with . or Enter, or press ? or * to list all spells.
You conjure some foxfire!
You now have 2/6 mp.
Casting: Foxfire (safe; 6% risk of failure)
Confirm with . or Enter, or press ? or * to list all spells.
You conjure some foxfire!
The foxfire hits the endoplasm.
You kill the endoplasm!
You now have 1/6 mp.
Your foxfire dissipates!
d - 3 scrolls labelled WAC GOIFOFITOUPLEC Your foxfire dissipates!
You start resting.
Magic restored.
MP restored: 6 This is a scroll of acquirement!
Something appears at your feet!
e - the +3 hat "Xeidezoa" {rElec Str+2 Int+6} You start putting on your armour.
You continue putting on the +3 hat "Xeidezoa" {rElec Str+2 Int+6}. x4
You finish putting on the +3 hat "Xeidezoa" {rElec Str+2 Int+6}.
You feel stronger.
You feel clever. Something appears at your feet!
Something appears at your feet!
Are you sure you want to abandon this character and quit the game? (Confirm with "yes".)

### #.. #.# #
#.######..##
###.##§#.@.......
.§.......#..#....
##.##...#..# .
#...###.#
#...#(#..
#..##.##.# ...
#..#...#.. ....
##.##...##.## ....
#§.#.....#..#.....


There were no monsters in sight!

Vanquished Creatures
  An endoplasm (D:1)
  A goblin (D:1)
  A quokka (D:1)
3 creatures vanquished.

Vanquished Creatures (others)
  11 foxfires (D:1)
11 creatures vanquished.

Grand Total: 14 creatures vanquished

Notes
Turn   | Place    | Note
-------+----------+-------------------------------------------
     0 | D:1      | Psyclone the Deep Elf Fire Elementalist began the quest for
                  | the Orb.
     0 | D:1      | Reached XP level 1. HP: 10/10 MP: 6/6
   111 | D:1      | Identified 3 scrolls of acquirement
   111 | D:1      | Acquired the +3 hat "Xeidezoa" {rElec Str+2 Int+6}
   118 | D:1      | Acquired 376 gold pieces
   119 | D:1      | Acquired the +2 cloak "Qaxecaf" {rPois}
   120 | D:1      | Quit the game

Illustrated notes

Levels and vault maps discovered:
D:1:      minmay_arrival_hallway, layout_loops_corners, basic_ecumenical_altar,
          minmay_unequal

Action                   || total
-------------------------++-------
 Cast: Foxfire           ||     7
  Use: Scroll            ||     3
